 Dungeon Crawl Stone Soup version 0.31-a0-200-gbc41564c69 (webtiles) character file.

Game seed: 4709237213146430346

176 qw the Skirmisher (level 5, -2/29 HPs)
             Began as a Deep Elf Hunter on June 25, 2023.
             Slain by a goblin
             ... wielding a +0 club
             ... led by Robin
              (4 damage)
             ... on level 3 of the Dungeon.
             The game lasted 00:00:45 (1917 turns).

qw the Skirmisher (Deep Elf Hunter)                 Turns: 1917, Time: 00:00:45

Health: -2/29      AC:  5    Str: 10    XL:     5   Next: 30%
Magic:  7/7        EV: 11    Int: 14    God:
Gold:   118        SH:  0    Dex: 18    Spells: 4/4 levels left

rFire   . . .        Y - +0 shortbow
rCold   . . .        (shield currently unavailable)
rNeg    . . .        e - +0 ring mail
rPois   .            (no helmet)
rElec   .            (no cloak)
rCorr   .            (no gloves)
SInv    .            (no boots)
Will    .....        (no amulet)
Stlth   +            (no ring)
HPRegen 0.24/turn    (no ring)
MPRegen 0.10/turn

%: no passive effects
@: about to teleport
A: no striking features
a: no special abilities


You were on level 3 of the Dungeon.
You visited 1 branch of the dungeon, and saw 3 of its levels.

You collected 118 gold pieces.


   Skills:
 - Level 1.5 Fighting
 + Level 8.8 Ranged Weapons
 - Level 2.4 Dodging
 - Level 1.2 Stealth


You had 4 spell levels left.
You didn't know any spells.
Your spell library was empty.

Inventory:

Hand Weapons
 Y - a +0 shortbow (weapon)
Armour
 e - a +0 ring mail (worn)
Jewellery
 b - a +6 ring of strength
Potions
 a - a potion of curing {unknown}
 c - a potion of enlightenment {unknown}
 f - a potion of resistance {unknown}

Dungeon Overview and Level Annotations

Branches:
Dungeon (3/15)

Altars:
Makhleb

Annotations:
D:3 Robin


Message History

Robin throws the goblin at you! The goblin hits you with a +0 club.
You shoot an arrow. The arrow hits the goblin!
You kill the goblin!
The goblin hits you but does no damage. x2; The goblin barely misses you.
You shoot an arrow. The arrow closely misses the goblin.
The arrow hits the goblin!
You kill the goblin!
The goblin hits you but does no damage. x2
You shoot an arrow. The arrow barely misses the goblin.
The arrow hits the goblin!
You kill the goblin!
The goblin hits you but does no damage. The goblin hits you with a +0 club.
The hobgoblin closely misses you.
You shoot an arrow. The arrow hits the goblin.
The goblin is heavily wounded.
The goblin misses you. The goblin hits you with a +0 club.
The hobgoblin hits you but does no damage.
You shoot an arrow. The arrow hits the goblin.
You kill the goblin!
The goblin closely misses you. The hobgoblin hits you.
You shoot an arrow. The arrow hits the hobgoblin!
You kill the hobgoblin!
The goblin hits you with a +0 club. Robin throws the goblin at you!
The hobgoblin hits you. The goblin hits you with a +0 club.
You shoot an arrow. The arrow closely misses the goblin.
The arrow barely misses Robin.
The goblin hits you with a +0 dagger. The goblin hits you with a +0 club.
The goblin completely misses you. The hobgoblin barely misses you.
1916 ||| READING scroll of teleportation.
As you read the scroll of teleportation, it crumbles to dust.
You feel strangely unstable. The hobgoblin hits you.
Robin laughs in a distinctly smug fashion.
The goblin closely misses you. x2
You shoot an arrow. The arrow closely misses the goblin.
The goblin closely misses you. The goblin hits you but does no damage.
The goblin hits you with a +0 club.
The hobgoblin hits you but does no damage.
The goblin completely misses you. The goblin hits you with a +0 club.
You die...

#.#
#.......#####
#.#
...#.......+....
#####.#
...#.......#####
#.....#
...#.......#
##.####
...#.......# #.#
...##+###### #.#
g).#
#.#######g..#
#......g@gg.#
#########g..#
##.# #


You could see Robin, a hobgoblin (strong) and 4 goblins.

Vanquished Creatures
  2 hounds (D:3)
  3 gnolls (D:2)
  2 adders
  2 worms (D:2)
  2 dart slugs (D:2)
  6 endoplasms
  5 giant cockroaches
  8 goblins
  3 hobgoblins
  4 jackals (D:2)
  3 quokkas
  3 ball pythons
  6 bats
  2 frilled lizards (D:2)
  4 kobolds
  4 rats
59 creatures vanquished.

Notes
Turn   | Place    | Note
-------+----------+-------------------------------------------
     0 | D:1      | qw the Deep Elf Hunter began the quest for the Orb.
     0 | D:1      | Reached XP level 1. HP: 12/12 MP: 3/3
     0 | D:1      | 0 ||| qw: Version: 0.3-a-22-g0ed2b0b
     0 | D:1      | 0 ||| qw: Game counter: 5658
     0 | D:1      | 0 ||| qw: Melee chars always use a shield: true
     0 | D:1      | 0 ||| qw: God list: Okawaru
     0 | D:1      | 0 ||| qw: Allow faded altars: false
     0 | D:1      | 0 ||| qw: Do Orc after clearing Dungeon:15 true
     0 | D:1      | 0 ||| qw: Do second Lair branch before Depths: true
     0 | D:1      | 0 ||| qw: Lair rune preference: random
     0 | D:1      | 0 ||| qw: Goals: Normal
     0 | D:1      | 0 ||| PLANNING D:1-11
   201 | D:1      | Reached XP level 2. HP: 16/16 MP: 4/4
   208 | D:1      | Reached skill level 6 in Ranged Weapons
   339 | D:1      | 339 ||| READING scroll labelled JYNUS DYPNUELU.
   343 | D:1      | 343 ||| READING scroll labelled VACEERU ANWIU.
   344 | D:1      | 344 ||| READING scroll labelled PEIM HISEOSIE.
   445 | D:1      | 445 ||| DROPPING scroll of butterflies.
   536 | D:2      | Found a burning altar of Makhleb.
   556 | D:2      | Reached XP level 3. HP: 14/20 MP: 5/5
   571 | D:2      | 571 ||| FLEEEEING.
   670 | D:2      | Reached skill level 7 in Ranged Weapons
  1075 | D:2      | 1075 ||| UPGRADING to +0 ring mail.
  1085 | D:2      | 1085 ||| DROPPING +0 leather armour.
  1086 | D:2      | 1086 ||| READING scroll labelled SIWKEOGOFI.
  1179 | D:3      | 1179 ||| STAIRDANCE
  1204 | D:3      | 1204 ||| STAIRDANCE
  1208 | D:2      | Reached XP level 4. HP: 21/25 MP: 6/6
  1229 | D:3      | 1229 ||| STAIRDANCE
  1488 | D:3      | Reached skill level 8 in Ranged Weapons
  1682 | D:3      | Reached XP level 5. HP: 27/29 MP: 7/7
  1906 | D:3      | Noticed Robin
  1915 | D:3      | HP: 6/29 [goblin/+0 dagger[Robin] (2)]
  1916 | D:3      | 1916 ||| READING scroll of teleportation.
  1917 | D:3      | HP: 2/29 [goblin/+0 club[Robin] (3)]
  1917 | D:3      | Slain by a goblin

Levels and vault maps discovered:
D:1:      minmay_arrival_four_circles, layout_rooms
D:2:      minmay_chambers_of_ones, layout_rooms, minmay_hexomino_r4
D:3:      layout_basic, chequers_serial_rivers_large_a, uniq_robin

Skill      XL: |  1  2  3  4 |
---------------+-------------+-----
Ranged Weapons | 6 7 8 |  8.8
Fighting       | |  1.5
Dodging        | |  2.4
Stealth        | |  1.2

Action                     |  1- 3 |  4- 6 || total
---------------------------+-------+-------++-------
   Fire: Shortbow          |   120 |    56 ||   176
    Use: Scroll            |     4 |     1 ||     5
 Armour: Leather armour    |    17 |       ||    17
         Ring mail         |       |    25 ||    25
  Dodge: Dodged            |    61 |    32 ||    93

Table legend:
 A = Non-vault XP
 B = Vault XP
 C = Vault XP percentage of total XP
 D = Non-vault monster count
 E = Vault monster count
 F = Vault count percentage of total count
                 A         B        C        D         E       F
            +---------+---------+-------+---------+---------+-------
      Total |     214 |      38 |  15.1 |      43 |      16 |  27.1
            +---------+---------+-------+---------+---------+-------
        D:1 |      14 |       0 |   0.0 |       9 |       0 |   0.0
        D:2 |      94 |      26 |  21.7 |      26 |      10 |  27.8
        D:3 |     106 |      12 |  10.2 |       8 |       6 |  42.9
            +---------+---------+-------+---------+---------+-------
